 Dungeon Crawl Stone Soup version 0.25-a0-890-g62861fb195 (webtiles) character file.

Game seed: 16807013365475657076, levelgen mode: classic

23 Amnesiac the Chiller (level 2, -1/16 HPs)
             Began as a Deep Elf Ice Elementalist on May 3, 2020.
             Was an Initiate of Ashenzari.
             Slain by a scorpion (8 damage)
             ... on level 2 of the Dungeon.
             The game lasted 00:02:30 (1117 turns).

Amnesiac the Chiller (Deep Elf Ice Elementalist)    Turns: 1117, Time: 00:02:31

Health: -1/16      AC:  3    Str:  5    XL:     2   Next: 75%
Magic:  6/8        EV: 13    Int: 19    God:    Ashenzari [......]
Gold:   53         SH:  0    Dex: 15    Spells: 6/7 levels left

rFire    . . .     SeeInvis .   a - +0 hunting sling
rCold    . . .     Gourm    .   (no shield)
rNeg     . . .     Faith    .   l - +0 robe
rPois    .         Spirit   .   j - +0 helmet
rElec    .         Reflect  .   (no cloak)
rCorr    .         Harm     .   (no gloves)
MR       .....                  (no boots)
Stlth    ++........             (no amulet)
HPRegen  0.05/turn              (no ring)
MPRegen  0.11/turn              (no ring)

@: no status effects
A: no striking features
a: Curse Item, Renounce Religion


You were on level 2 of the Dungeon.
You worshipped Ashenzari.
Ashenzari was noncommittal.
You were not hungry.

You visited 1 branch of the dungeon, and saw 2 of its levels.

You collected 53 gold pieces.

Inventory:

Hand Weapons
 a - a +0 hunting sling (weapon)
Missiles
 i - 17 poisoned darts
 m - 30 stones (quivered)
 n - 4 curare-tipped darts
Armour
 j - a +0 helmet (worn)
 l - a +0 robe (worn)
Scrolls
 d - 2 scrolls of teleportation {!r, unknown}
 f - a scroll of enchant weapon {!r, unknown}
 h - a scroll of identify {!r, unknown}
Potions
 b - 4 potions of curing {!q, unknown}
 e - a potion of invisibility {!q, unknown}
 k - a potion of might {!q, unknown}
Comestibles
 c - 4 rations
 g - 2 chunks of flesh


   Skills:
 + Level 0.8 Fighting
 - Level 2.4 Dodging
 - Level 2.4 Stealth
 + Level 3.4 Spellcasting
 * Level 4.9 Ice Magic


You had 6 spell levels left.
You knew the following spells:

 Your Spells              Type           Power        Failure   Level  Hunger
a - Freeze                Ice            ###.         1%          1    None

Your spell library contained the following spells:

 Spells                   Type           Power        Failure   Level  Hunger
 Frozen Ramparts          Ice            ###...       6%          3    ###....
 Ozocubu's Armour         Chrm/Ice       ##......     16%         3    ###....
 Hailstorm                Conj/Ice       ##......     47%         4    ####...
 Summon Ice Beast         Ice/Summ       ##......     47%         4    ####...


Dungeon Overview and Level Annotations

Branches:
Dungeon (2/15)

Altars:
Ashenzari
The Shining One


Message History

You freeze the worm.
You kill the worm!
There is an open door here.
m - 33 stones (gained 1)
m - 35 stones (gained 2)
There is a dry fountain here.
You open the door.
There is an open door here.
As you open the door, it creaks loudly!
There is an open door here.
A scorpion comes into view.
Found 15 gold pieces.
A scorpion is nearby!
A scorpion is nearby!
Firing (i - inventory. (/) - cycle)
m - 35 stones (quivered)
Press: ? - help, Shift-Dir - straight line, f - scorpion
Aim: a scorpion (resting)
You shoot a stone. The stone hits the scorpion.
The scorpion is lightly wounded.
Firing (i - inventory. (/) - cycle)
m - 34 stones (quivered)
Press: ? - help, Shift-Dir - straight line, f/p - scorpion
Aim: a scorpion (lightly wounded)
You shoot a stone. The stone barely misses the scorpion.
Firing (i - inventory. (/) - cycle)
m - 33 stones (quivered)
Press: ? - help, Shift-Dir - straight line, f/p - scorpion
Aim: a scorpion (lightly wounded)
You shoot a stone.
The stone hits the scorpion but does no damage.
The scorpion is lightly wounded.
Firing (i - inventory. (/) - cycle)
m - 32 stones (quivered)
Press: ? - help, Shift-Dir - straight line, f/p - scorpion
Aim: a scorpion (lightly wounded)
You shoot a stone.
The stone hits the scorpion but does no damage.
The scorpion is lightly wounded.
Casting: Freeze (safe; 1% risk of failure)
Confirm with . or Enter, or press ? or * to list all spells.
You don't know that spell.
Casting: Freeze (safe; 1% risk of failure)
Confirm with . or Enter, or press ? or * to list all spells.
You can't see any susceptible monsters within range! (Use Z to cast anyway.) Firing (i - inventory. (/) - cycle)
m - 31 stones (quivered)
Press: ? - help, Shift-Dir - straight line, f/p - scorpion
Aim: a scorpion You shoot a stone.
The stone barely misses the scorpion.
Casting: Freeze (safe; 1% risk of failure)
Confirm with . or Enter, or press ? or * to list all spells.
Aiming: Freeze (safe; 1% risk of failure)
Press: ? - help, Shift-Dir - straight line, f/p - scorpion
Aim: a scorpion You freeze the scorpion.
The scorpion is moderately wounded.
The scorpion stings you.
* * * LOW HITPOINT WARNING * * *
Casting: Freeze (safe; 1% risk of failure)
Confirm with . or Enter, or press ? or * to list all spells.
Aiming: Freeze (safe; 1% risk of failure)
Press: ? - help, Shift-Dir - straight line, f/p - scorpion
Aim: a scorpion (moderately wounded)
You freeze the scorpion!
The scorpion is severely wounded.
The scorpion stings you!
Ouch! That really hurt!
You die...

#..####.# #...#..####
##...##.# #..# ##.##
##..#..# #.> #.#
#..###.#.## #..#..# ##
#.#
#..##.###.####..#..#
#.#
.......#...........####
#.#.
#..####.#.#####........
#.### ##.# ###.#
#..####### ..# # ##.#
.# #..s(.(.(( ### #
#..# .# ##@###### #.#.
#.## ....$......# ....
#.# #######.##.# ###.
#.# #.# .. #. #.# #.#
## #. #.# #.# ##. #.#
#.# ... #.# ... ###


You could see a scorpion.

Vanquished Creatures
  A worm (D:2)
  A dart slug (D:1)
  A giant cockroach (D:1)
  2 goblins
  2 hobgoblins (D:1)
  A ball python (D:2)
  4 bats
  2 frilled lizards
  4 kobolds
  A rat (D:1)
19 creatures vanquished.

Notes
Turn   | Place    | Note
-------+----------+-------------------------------------------
     0 | D:1      | Amnesiac the Deep Elf Ice Elementalist began the quest for
                  | the Orb.
     0 | D:1      | Reached XP level 1. HP: 10/10 MP: 6/6
   326 | D:1      | Reached XP level 2. HP: 13/16 MP: 6/8
   579 | D:2      | Found a shattered altar of Ashenzari.
   613 | D:2      | Became a worshipper of Ashenzari the Shackled
   945 | D:2      | Found a glowing golden altar of the Shining One.
  1110 | D:2      | Noticed a scorpion
  1117 | D:2      | Slain by a scorpion

Levels and vault maps discovered:
D:1:      sevenhm_arrival_forest_fort_large_2, layout_basic
D:2:      layout_loops_ring, overflow_temple_1_default, tso_metal_star,
          grunt_decor_clamped, kennysheep_generic_room_14, uniq_terence

Action                   || total
-------------------------++-------
Melee: Unarmed           ||     4
 Fire: Hunting sling     ||    19
 Cast: Freeze            ||    23
Armor: Robe              ||     3
Dodge: Dodged            ||    12

Table legend:
 A = Non-vault XP
 B = Vault XP
 C = Vault XP percentage of total XP
 D = Non-vault monster count
 E = Vault monster count
 F = Vault count percentage of total count
                 A         B        C        D         E       F
            +---------+---------+-------+---------+---------+-------
      Total |      29 |       5 |  14.7 |      18 |       1 |   5.3
            +---------+---------+-------+---------+---------+-------
        D:1 |      18 |       0 |   0.0 |      11 |       0 |   0.0
        D:2 |      11 |       5 |  31.2 |       7 |       1 |  12.5
            +---------+---------+-------+---------+---------+-------
